 Dungeon Crawl Stone Soup version 0.28-a0-1190-g77e1c55843 (webtiles) character file.

Game seed: 4650953123500203496

370 Astera the Gusty (level 6, -4/35 HPs)
             Began as a Tengu Air Elementalist on Dec 18, 2021.
             Was an Initiate of Vehumet.
             Slain by an orc priest (6 damage)
             ... on level 5 of the Dungeon.
             The game lasted 00:19:29 (5215 turns).

Astera the Gusty (Tengu Air Elementalist)           Turns: 5215, Time: 00:19:30

Health: -4/35      AC:  2    Str: 12    XL:     6   Next: 70%
Magic:  1/11       EV: 15    Int: 17    God:    Vehumet [......]
Gold:   230        SH:  0    Dex: 14    Spells: 7/10 levels left

rFire   + . .      SeeInvis .   p - +1 dagger (vamp)
rCold   + . .      Faith    .   (no shield)
rNeg    . . .      Spirit   .   a - +0 robe
rPois   .          Reflect  .   (helmet restricted)
rElec   .          Harm     .   (no cloak)
rCorr   .          Rampage  .   (no gloves)
Will    .....                   (boots unavailable)
Stlth   ++........              (no amulet)
HPRegen 0.11/turn               f - ring of Uvviys {rF+ rC+ Str+3}
MPRegen 0.12/turn               (no ring)

@: flying quickly and evasively, very slightly contaminated, quick
A: beak, talons 3, nimble flight
a: Renounce Religion


You were on level 5 of the Dungeon.
You worshipped Vehumet.
Vehumet was noncommittal.
You visited 2 branches of the dungeon, and saw 6 of its levels.

You collected 230 gold pieces.

Inventory:

Hand Weapons
 o - a +0 dagger of electrocution
 p - a +1 vampiric dagger (weapon)
Missiles
 c - 7 atropa-tipped darts
Armour
 a - a +0 robe (worn)
 r - a +0 leather armour
Jewellery
 b - an amulet of faith
 f - the ring of Uvviys (left hand) {rF+ rC+ Str+3}
   (You acquired it on level 4 of the Dungeon)

   [ring of protection from fire]

   Str:       It affects your strength (+3).
   rF:        It protects you from fire.
   rC:        It protects you from cold.
Scrolls
 g - a scroll of fear {unknown}
 l - a scroll of fog {unknown}
 s - a scroll of teleportation {unknown}
 t - a scroll of silence {unknown}
 u - a scroll of identify
Potions
 d - 3 potions of curing
 e - 5 potions of heal wounds
 h - a potion of resistance {unknown}
 i - a potion of cancellation {unknown}
 j - a potion of flight {unknown}
 k - a potion of invisibility {unknown}
 m - a potion of attraction {unknown}
 n - a potion of mutation {unknown}
 q - a potion of berserk rage {unknown}


   Skills:
 + Level 1.9 Fighting
 + Level 2.0 Staves
 + Level 2.3 Armour
 + Level 3.4 Dodging
 + Level 3.1 Stealth
 + Level 2.9 Spellcasting
 + Level 3.3 Conjurations
 + Level 4.9 Air Magic


You had 7 spell levels left.
You knew the following spells:

 Your Spells              Type           Power      Damage    Failure   Level
a - Shock                 Conj/Air       64%        1d7       3%          1
b - Static Discharge      Conj/Air       16%        N/A       4%          2

Your spell library contained the following spells:

 Spells                   Type           Power      Damage    Failure   Level
 Swiftness                Air            19%        N/A       7%          3
 Airstrike                Air            9%         N/A       24%         4
 Ensorcelled Hibernation  Hex/Ice        4%         N/A       26%         2
 Tukima's Dance           Hex            2%         N/A       47%         3


Dungeon Overview and Level Annotations

Branches:
Dungeon (5/15)             Temple (1/1) D:5

Altars:
Ashenzari
Cheibriados
Elyvilon
Fedhas
Gozag
Hepliaklqana
Kikubaaqudgha
Nemelex Xobeh
Okawaru
Qazlal
Ru
Sif Muna
Uskayaw
Vehumet
Wu Jian
Zin
The Shining One

Shops:
D:4 :

Portals:
Abyss: D:3

Annotations:
D:3 2 transporters, Trumph21's ghost, amateur OpBe
D:5 4 runed translucent doors, Crazy Yiuf; niknal's ghost, novice GrFi


Innate Abilities, Weirdness & Mutations

You have a beak for a mouth.
You have claws for feet.
Your magical nature lets you fly swiftly and evasively.


Message History

Vehumet accepts your kill.
Casting: Shock (safe; 3% risk of failure)
Confirm with . or Enter, or press ? or * to list all spells.
Aiming: Shock (safe; 3% risk of failure)
Press: ? - help, Shift-Dir - straight line The zap misses the orc.
The zap hits the orc!
You kill the orc!
Vehumet accepts your kill.
Casting: Shock (safe; 3% risk of failure)
Confirm with . or Enter, or press ? or * to list all spells.
Aiming: Shock (safe; 3% risk of failure)
Press: ? - help, Shift-Dir - straight line, f - orc priest
Aim: an orc priest, wielding a +0 mace and wearing a +0 ring mail (moderately wounded, 75% to hit)
The zap hits the orc priest but does no damage.
The orc priest is moderately wounded.
The orc priest invokes the aid of Beogh against you.
Beogh smites you!
You miscast Shock.
You are very lightly contaminated with residual magic.
Nothing appears to happen.
Casting: Shock (safe; 3% risk of failure)
Confirm with . or Enter, or press ? or * to list all spells.
The orc priest is struck by an arc of lightning.
The orc priest is heavily wounded.
You are struck by an arc of lightning.
The lightning grounds out.
The orc priest hits you with a +0 mace.
Casting: Static Discharge (safe; 4% risk of failure)
Confirm with . or Enter, or press ? or * to list all spells.
The orc priest is struck by an arc of lightning!
The orc priest is almost dead.
The lightning grounds out.
The orc priest hits you with a +0 mace.
You barely miss the orc priest. You claw the orc priest.
The orc priest is almost dead.
The orc priest mumbles some strange prayers to Beogh against you.
Beogh smites you!
* * * LOW HITPOINT WARNING * * *
You hit the orc priest but do no damage.
The orc priest is almost dead.
The orc priest hits you with a +0 mace.
You die...

##..# .....
#..## .....
##..# ....).
#..## ......
##..#
....).#
#..##
......)##..#
......o#...#
#......@..##
######.#.##
#####


You could see an orc priest.

Vanquished Creatures
  A centaur zombie (D:4)
  A hound (D:4)
  A jelly (D:5)
  2 bullfrog skeletons
  An iguana (D:5)
  An orc wizard (D:4)
  2 hound skeletons (D:4)
  5 adders
  An ufetubus (D:4)
  An adder skeleton (D:4)
  15 orcs
  6 bats
  4 endoplasms
  4 giant cockroaches (D:1)
  9 goblins
  5 hobgoblins
  2 jackals (D:3)
  7 quokkas
  5 ball pythons
  2 frilled lizards (D:1)
  5 kobolds
  4 rats
84 creatures vanquished.

Notes
Turn   | Place    | Note
-------+----------+-------------------------------------------
     0 | D:1      | Astera the Tengu Air Elementalist began the quest for the
                  | Orb.
     0 | D:1      | Reached XP level 1. HP: 10/10 MP: 4/4
   254 | D:1      | Reached XP level 2. HP: 15/15 MP: 1/6
  1083 | D:1      | Reached XP level 3. HP: 20/20 MP: 5/7
  1372 | D:2      | Reached skill level 1 in Armour
  1906 | D:2      | Learned a level 2 spell: Static Discharge
  2089 | D:3      | Found a faded altar of an unknown god.
  2133 | D:3      | Found a one-way gate to the infinite horrors of the Abyss.
  2134 | D:3      | Noticed a small abomination
  2172 | D:3      | Found a transporter.
  2173 | D:3      | Found a transporter.
  2173 | D:3      | Noticed Trumph21's ghost (amateur OpBe)
  2254 | D:3      | Reached skill level 1 in Staves
  2254 | D:3      | Reached XP level 4. HP: 18/24 MP: 0/8
  2471 | D:3      | Reached skill level 1 in Fighting
  3185 | D:4      | Identified a scroll of acquirement
  3185 | D:4      | Acquired the ring of Uvviys {rF+ rC+ Str+3}
  3262 | D:4      | Gained mutation: Your magical nature lets you fly swiftly
                  | and evasively. [Tengu growth]
  3262 | D:4      | Reached XP level 5. HP: 10/29 MP: 0/9
  3797 | D:4      | Found a glowing golden altar of the Shining One.
  3850 | D:4      | Reached XP level 6. HP: 26/34 MP: 6/10
  4115 | D:4      | Found Ydim's Book Shoppe.
  4170 | D:5      | Entered Level 5 of the Dungeon
  4170 | D:5      | Found a runed translucent gate.
  4170 | D:5      | Found a runed translucent gate.
  4170 | D:5      | Found a runed translucent gate.
  4173 | D:5      | Noticed niknal's ghost (novice GrFi)
  4834 | D:5      | Found a staircase to the Ecumenical Temple.
  4843 | Temple   | Entered the Ecumenical Temple
  5025 | Temple   | Became a worshipper of Vehumet
  5156 | D:5      | Found a runed translucent door.
  5157 | D:5      | Noticed Crazy Yiuf
  5215 | D:5      | Slain by an orc priest

Illustrated notes

Levels and vault maps discovered:
D:1:      dpeg_arrival_rooms_c, layout_loops_ring
D:2:      kennysheep_big_flooded_room, layout_rooms
D:3:      layout_basic, gammafunk_ghost_abyssal_escape,
          nicolae_ecumenical_oubliette, minmay_crystal_room
D:4:      layout_basic, mainiacjoe_overflow_surrounded_room, serial_shops,
          nicolae_square_shop
D:5:      layout_cave_pods, minmay_temple_entry_statues_fountains, serial_glass,
          glass_columns_b, glass_columns_b, ebering_ghost_rock_garden,
          hangedman_decor_clover_reticule, uniq_crazy_yiuf_cottage
Temple:   eino_temple_rhombus

Skill      XL: |  1  2  3  4  5  6 |
---------------+-------------------+-----
Armour         | 1 2 |  2.3
Conjurations   | 2 3 |  3.3
Staves         | 1 2 |  2.0
Fighting       | 1 |  1.9
Dodging        | 3 |  3.4
Stealth        | 3 |  3.1
Spellcasting   | |  2.9
Air Magic      | |  4.9

Action                   |  1- 3 |  4- 6 || total
-------------------------+-------+-------++-------
Melee: Unarmed           |     9 |       ||     9
       Dagger            |       |    42 ||    42
       Kick              |       |    12 ||    12
       Peck              |       |     5 ||     5
 Cast: Shock             |    93 |   102 ||   195
       Static Discharge  |     2 |     6 ||     8
  Use: Scroll            |     1 |     3 ||     4
       Potion            |       |     1 ||     1
Armor: Robe              |    18 |    13 ||    31
Dodge: Dodged            |    34 |    52 ||    86

Table legend: (Time is in decaauts)
 A = Elapsed time spent in this place.
 B = Non-inter-level travel time spent in this place.
 C = Inter-level travel time spent in this place.
 D = Time resting spent in this place.
 E = Time spent auto-exploring this place.
 F = Levels seen in this place.
 G = Mean time per level.
                   A        B        C        D        E       F      G
               +--------+--------+--------+--------+--------+-----+--------+
         Total |   5107 |   5013 |     94 |   1622 |   1617 |   6 |  851.2 |
       Dungeon |   4933 |   4847 |     86 |   1622 |   1485 |   5 |  986.6 |
        Temple |    173 |    165 |      8 |      0 |    132 |   1 |  173.0 |
               +--------+--------+--------+--------+--------+-----+--------+

Top non-repeatable levels by time:
     D:4: 1338 daAuts
     D:1: 1266 daAuts
     D:3: 1020 daAuts
     D:2: 829 daAuts
     D:5: 478 daAuts
  Temple: 173 daAuts
